Map: Frost LE

Players

AllenHsiao

  • Race: Terran Terran
  • League: Gold
  • Spawn Location: 7:00

Fropez - Winner!

  • Race: Protoss Protoss
  • League: Gold
  • Spawn Location: 5:00

VOD

Have the link to the VOD?

Description

Time

  • Played on: Oct. 12, 2016, 12:46 p.m.
  • Length: 4:48
Show
View Real Time Build Order
Export as new Build Order

AllenHsiao Terran 

Build Orders:  

Get SALT Encoding   

Show
View Real Time Build Order
Export as new Build Order

Fropez Protoss - Winner!

Build Orders:  

Get SALT Encoding   

  12  0:01  Probe (Chrono Boost)  
  13  0:13  Probe (Chrono Boost)  
  14  0:21  Pylon  
  14  0:26  Probe (Chrono Boost)  
  15  0:39  Probe (Chrono Boost)  
  15  0:40  Gateway  
  16  0:46  Assimilator  
  17  0:50  Probe (Chrono Boost)  
  17  1:00  Probe (Chrono Boost)  
  18  1:14  Pylon  
  18  1:22  Probe (Chrono Boost)  
  19  1:29  Cybernetics Core  
  19  1:32  Pylon  
  19  1:33  Probe (Chrono Boost), Assimilator  
  20  1:44  Probe (Chrono Boost)  
  21  1:54  Probe (Chrono Boost)  
  22  2:05  Gateway  
  22  2:06  Warp Gate (Chrono Boost)  
  22  2:07  Adept (Chrono Boost)  
  25  2:37  Mothership Core  
  25  2:43  Adept  
  28  2:45  Gateway  
  28  2:58  Probe  
  29  3:11  Adept, Probe  
  32  3:47  Robotics Facility  
  32  3:49  Pylon  
  32  3:50  Pylon  
  32  3:52  Pylon  
  32  4:08  Adept  
  32  4:09  Adept x2  
  38  4:38  Nexus  
  38  4:41  Assimilator  
  38  4:44  Assimilator  
Tags
 
League
GoldGold
Matchup
PvT
Replay Pack
All Mines
Spawn Locations
Close Positions
Add a new tag
Caveats
  • Supply blocks, unpowered buildings, or Contaminate may cause inaccurate times.
  • Supply counts are checked every 10 seconds.